[Event "IV Torneo de Semana Santa"]
[Site "Los Llanos de Aridane"]
[Date "2019.04.16"]
[Round "5.5"]
[White "Bazan Solera, Manuel"]
[Black "Navio Lopez, Manuel"]
[Result "1/2-1/2"]
[ECO "E62"]
[WhiteElo "1923"]
[BlackElo "1877"]
[Annotator "NA"]
[PlyCount "120"]
[EventDate "2019.04.13"]
[EventType "swiss"]
[EventCountry "ESP"]
[SourceTitle "playchess.com"]
[Source "ChessBase"]
[SourceQuality "1"]
[TimeControl "5400+30"]

1. Nf3 Nf6 2. g3 g6 3. Bg2 Bg7 4. O-O O-O 5. c4 d6 6. d4 c6 7. Nc3 Qa5 8. d5 cxd5 9. cxd5 Nbd7 10. Rb1 Qc7 11. Bd2 Nb6 12. Rc1 Qc4 13. b3 Qa6 14. e4 Bg4 15. Re1 Nbd7 16. h3 Bxf3 17. Bxf3 Rac8 18. Be2 Qa3 19. Rc2 Qb4 20. Bc4 Qb6 21. Be3 Qa5 22. Bd2 a6 23. Qc1 Ne5 24. Be2 Qb6 25. Be3 Qb4 26. f3 Nh5 27. Kg2 Nxf3 28. Bxf3 Rxc3 29. Bd2 Rxc2 30. Qxc2 Qd4 31. Bxh5 gxh5 32. Be3 Qb4 33. Bd2 Qb5 34. a4 Qd7 35. Rc1 f5 36. Qc7 Qe8 37. exf5 Qf7 38. Qc4 Qxf5 39. Rf1 Qxf1+ 40. Qxf1 Rxf1 41. Kxf1 Kf7 42. Ke2 Kg6 43. Kf3 Kf5 44. g4+ hxg4+ 45. hxg4+ Ke5 46. Bc3+ Kxd5 47. Bxg7 e5 48. Ke3 Ke6 49. Kd3 b5 50. axb5 axb5 51. Bh6 Kd5 52. Bd2 Ke6 53. Kc3 Kd5 54. Kb4 Kc6 55. Bc3 Kb6 56. Bb2 Kc6 57. g5 Kb6 58. Bc3 Kc6 59. Bb2 Kb6 60. Bc3 Kc6 1/2-1/2

[Event "IV Torneo de Semana Santa"]
[Site "Los Llanos de Aridane"]
[Date "2019.04.16"]
[Round "5.6"]
[White "Natalicchio Escalante, Nicolas"]
[Black "Cruz Diaz, Felipe"]
[Result "1-0"]
[ECO "C01"]
[WhiteElo "2189"]
[BlackElo "1655"]
[Annotator "NA"]
[PlyCount "71"]
[EventDate "2019.04.13"]
[EventType "swiss"]
[EventCountry "ESP"]
[SourceTitle "playchess.com"]
[Source "ChessBase"]
[SourceQuality "1"]
[TimeControl "5400+30"]

1. e4 e6 2. d4 d5 3. Nc3 Bb4 4. exd5 exd5 5. Bd3 Ne7 6. Qf3 Nbc6 7. Nge2 Be6 8. Qg3 g6 9. Bg5 Qd7 10. Bf6 Rg8 11. a3 Bd6 12. Qh4 h5 13. Nb5 O-O-O 14. O-O-O Rde8 15. Nxd6+ Qxd6 16. Rhe1 Nf5 17. Qg5 Qxh2 18. Nf4 Qh4 19. Bxf5 Qxg5 20. Bxe6+ fxe6 21. Bxg5 Kd7 22. Nd3 b6 23. c3 Rgf8 24. Re2 Rf5 25. f4 Kd6 26. Rde1 Rf7 27. Ne5 Nxe5 28. fxe5+ Kd7 29. Bf6 Rh7 30. Re3 Rg8 31. Rh1 g5 32. Reh3 h4 33. g3 g4 34. Rxh4 Rxh4 35. Rxh4 a5 36. Rh7+ 1-0

[Event "IV Torneo de Semana Santa"]
[Site "Los Llanos de Aridane"]
[Date "2019.04.16"]
[Round "5.8"]
[White "Rodriguez Centenera, Sara"]
[Black "Leon Varela, Luis"]
[Result "0-1"]
[ECO "B25"]
[WhiteElo "1704"]
[BlackElo "2154"]
[Annotator "NA"]
[PlyCount "86"]
[EventDate "2019.04.13"]
[EventType "swiss"]
[EventCountry "ESP"]
[SourceTitle "playchess.com"]
[Source "ChessBase"]
[SourceQuality "1"]
[TimeControl "5400+30"]

1. e4 c5 2. Nc3 Nc6 3. g3 g6 4. Bg2 Bg7 5. f4 d6 6. Nf3 e5 7. d3 Nge7 8. O-O O-O 9. Be3 exf4 10. Bxf4 Ne5 11. Qd2 Bg4 12. Nxe5 dxe5 13. Bh6 Be6 14. Bxg7 Kxg7 15. Qg5 f6 16. Qe3 Rc8 17. b3 Qd4 18. Qxd4 cxd4 19. Nb5 a6 20. Na3 b5 21. Rac1 Nc6 22. Rb1 Nb4 23. Rb2 Rc6 24. Bf3 Rfc8 25. Rf2 Bh3 26. Rd2 h5 27. Kf2 Kh6 28. Bg2 Be6 29. Bf3 Bg4 30. Kg2 Be6 31. Kf2 g5 32. Bd1 g4 33. Nb1 R6c7 34. a4 Kg5 35. Na3 Bd7 36. a5 h4 37. Kg2 hxg3 38. Kxg3 Rh8 39. Kg2 f5 40. exf5 Bc6+ 41. Kg1 g3 42. hxg3 Rh1+ 43. Kf2 Rch7 0-1

[Event "IV Torneo de Semana Santa"]
[Site "Los Llanos de Aridane"]
[Date "2019.04.16"]
[Round "5.9"]
[White "Salazar De La Cruz, Jose Maria"]
[Black "Otero Campos, Cintia"]
[Result "1-0"]
[ECO "C00"]
[WhiteElo "2099"]
[BlackElo "1451"]
[Annotator "NA RC"]
[PlyCount "37"]
[EventDate "2019.04.13"]
[EventType "swiss"]
[EventCountry "ESP"]
[SourceTitle "playchess.com"]
[Source "ChessBase"]
[SourceQuality "1"]
[TimeControl "5400+30"]

1. e4 c5 2. Nf3 e6 3. g3 Nc6 4. Bg2 Nf6 5. Qe2 Be7 6. O-O {[%emt 0:00:07] C00: French: Unusual White 2nd moves} O-O 7. Rd1 (7. c3 d5 8. e5 Nd7 9. d4 a5 10. Rd1 a4 11. h4 b5 12. Ng5 b4 13. a3 bxc3 14. bxc3 {1-0 (47) Kobalia,M (2620)-Morozevich,A (2656) Tula 2019}) 7... a6 $146 ({Predecessor:} 7... d5 8. e5 Nd7 9. c3 b6 10. d3 Bb7 11. Na3 a6 12. Nc2 Qc7 13. Bf4 Rfc8 {½-½ (43) Szalai,K (2397)-Medvegy,Z (2538) Hungary 2019}) 8. d4 cxd4 9. Nxd4 Qc7 10. Nc3 d6 11. a4 Rb8 12. Be3 Ne5 13. f4 Nc4 14. Bc1 b6 15. e5 dxe5 {[%emt 0:03:50] [#]} 16. Nc6 $1 {[%emt 0:00:10] Double Attack} Bc5+ (16... Na5 $16 {keeps fighting.} 17. Nxb8 Qxb8) 17. Kh1 Rb7 18. Qxc4 exf4 $18 (18... Ng4 $142) 19. Bxf4 {[%emt 0:00:11] Trapped Piece} 1-0

[Event "IV Torneo de Semana Santa"]
[Site "Los Llanos de Aridane"]
[Date "2019.04.16"]
[Round "6.2"]
[White "Hernandez Leon, Alberto"]
[Black "Brito Garcia, Alfredo"]
[Result "1/2-1/2"]
[ECO "E11"]
[WhiteElo "2280"]
[BlackElo "2311"]
[Annotator "NA RC"]
[PlyCount "24"]
[EventDate "2019.04.13"]
[EventType "swiss"]
[EventCountry "ESP"]
[SourceTitle "playchess.com"]
[Source "ChessBase"]
[SourceQuality "1"]
[TimeControl "5400+30"]

1. d4 Nf6 2. Nf3 e6 3. c4 Bb4+ 4. Bd2 a5 5. g3 d5 6. Qc2 Nc6 7. Bg2 dxc4 8. Qxc4 Qd5 9. Qd3 Qe4 10. Qc4 Qd5 11. Qd3 Qe4 12. Qc4 Qd5 1/2-1/2

[Event "IV Torneo de Semana Santa"]
[Site "Los Llanos de Aridane"]
[Date "2019.04.16"]
[Round "6.3"]
[White "Fernandez Gonzalez, Sergio"]
[Black "Hidalgo Santana, Fernando"]
[Result "1-0"]
[ECO "A84"]
[WhiteElo "2089"]
[BlackElo "2116"]
[Annotator "NA"]
[PlyCount "61"]
[EventDate "2019.04.13"]
[EventType "swiss"]
[EventCountry "ESP"]
[SourceTitle "playchess.com"]
[Source "ChessBase"]
[SourceQuality "1"]
[TimeControl "5400+30"]

1. c4 c6 2. Nc3 d5 3. d4 e6 4. Bf4 f5 5. e3 Nf6 6. Nf3 Be7 7. Bd3 O-O 8. O-O h6 {[%emt 0:01:07] A84: Dutch Defence: 2 c4 Miscellaneous} (8... Ne4 9. Ne2 g5 10. Bxb8 Rxb8 11. Ne5 Bf6 12. f3 Nd6 13. c5 Nf7 14. f4 g4 15. b4 Nxe5 16. dxe5 Be7 {1-0 (67) Bosiocic,M (2599)-Dragicevic,D (2340) Skopje 2018}) 9. h3 Ne4 $146 ({Predecessor:} 9... Nbd7 10. Bh2 Ne4 11. Ne2 g5 12. Ne5 Qe8 13. f3 Nef6 14. Qc2 Nxe5 15. Bxe5 Nd7 16. g4 Nxe5 17. dxe5 {0-1 (41) Le,H-Truong,T Ha Tinh 2000}) 10. Qb3 Kh7 11. Rae1 Nd7 12. Qc2 g6 13. Ne2 Ndf6 14. Ne5 Bb4 15. Rc1 Nd7 16. cxd5 exd5 17. f3 Nxe5 18. dxe5 Nc5 19. Bg3 Nxd3 20. Qxd3 a5 21. f4 a4 22. Rc2 Qb6 $14 23. Qd4 Qa5 24. Bh4 Be6 25. a3 c5 26. axb4 cxb4 27. Be7 b3 28. Rc5 b5 29. Bxf8 Rxf8 30. Rfc1 Rf7 31. Qc3 1-0

[Event "IV Torneo de Semana Santa"]
[Site "Los Llanos de Aridane"]
[Date "2019.04.16"]
[Round "6.4"]
[White "Andres Gonzalez, Ivan"]
[Black "Guerra Arrocha, Daniel"]
[Result "0-1"]
[ECO "C10"]
[WhiteElo "2323"]
[BlackElo "2065"]
[Annotator "RC"]
[PlyCount "102"]
[EventDate "2019.04.13"]
[EventType "swiss"]
[EventCountry "ESP"]
[SourceTitle "playchess.com"]
[Source "ChessBase"]
[SourceQuality "1"]
[TimeControl "5400+30"]

1. e4 e6 2. d4 d5 3. Nc3 Nc6 4. Nf3 Nf6 5. Bd3 Bb4 6. e5 Ne4 7. O-O Nxc3 8. bxc3 Bxc3 9. Rb1 h6 10. Ba3 a5 11. Bb5 Bd7 12. Qd3 Bb4 13. Bc1 b6 14. c3 Be7 15. Qe3 Na7 16. Bd3 c5 17. Qf4 c4 18. Bc2 g5 19. Qg3 Nb5 20. Nd2 Ba3 21. f4 Bxc1 22. Rbxc1 Na3 23. Bd1 Rh7 24. Bh5 Qe7 25. Nb1 Nb5 26. Rc2 O-O-O 27. Rb2 Kc7 28. f5 exf5 29. a4 Na7 30. Nd2 f4 31. Qe1 Nc8 32. Bf3 Be6 33. Nxc4 g4 34. Nxb6 Nxb6 35. Qb1 Rhh8 36. c4 gxf3 37. cxd5 Bxd5 38. Rxb6 Qa3 39. Rc1+ Qxc1+ 40. Qxc1+ Kxb6 41. Qc5+ Kb7 42. Qb5+ Kc8 43. gxf3 Bxf3 44. Qxa5 Kb8 45. Qb6+ Bb7 46. a5 Rdg8+ 47. Kf1 Rg6 48. Qb3 Rhg8 49. d5 Rg1+ 50. Kf2 R8g2+ 51. Kf3 Rg3+ 0-1

[Event "IV Torneo de Semana Santa"]
[Site "Los Llanos de Aridane"]
[Date "2019.04.16"]
[Round "6.5"]
[White "Acosta Sosa, Juan Manuel"]
[Black "Martin Rodriguez, Pablo"]
[Result "1/2-1/2"]
[ECO "A36"]
[WhiteElo "2287"]
[BlackElo "2002"]
[Annotator "RC"]
[PlyCount "76"]
[EventDate "2019.04.13"]
[EventType "swiss"]
[EventCountry "ESP"]
[SourceTitle "playchess.com"]
[Source "ChessBase"]
[SourceQuality "1"]
[TimeControl "5400+30"]

1. c4 Nf6 2. Nc3 c5 3. g3 Nc6 4. Bg2 g6 5. e4 Bg7 6. Nge2 O-O 7. O-O d6 8. d3 Rb8 9. h3 a6 10. f4 Bd7 11. a4 Ne8 12. f5 Nd4 13. Nxd4 Bxd4+ 14. Kh1 b5 15. Bh6 Bg7 16. Bxg7 Kxg7 17. axb5 axb5 18. b3 Bc6 19. g4 g5 20. Ra6 Qd7 21. Qa1 f6 22. Nd5 Bxd5 23. exd5 Nc7 24. Ra2 Ra8 25. Rff2 Kf7 26. d4 cxd4 27. Qxd4 bxc4 28. bxc4 Na6 29. Qa1 Qc8 30. Ra5 Nc5 31. Re2 Rxa5 32. Qxa5 Qb7 33. Qc3 Rb8 34. Qe3 Qa7 35. Qd4 Rb7 36. Qe3 Qa4 37. h4 Qxc4 38. hxg5 Qd3 1/2-1/2

[Event "IV Torneo de Semana Santa"]
[Site "Los Llanos de Aridane"]
[Date "2019.04.16"]
[Round "6.6"]
[White "Molina Rodriguez, Borja"]
[Black "Natalicchio Escalante, Nicolas"]
[Result "1/2-1/2"]
[ECO "B15"]
[WhiteElo "2070"]
[BlackElo "2189"]
[Annotator "ChessBase"]
[PlyCount "40"]
[EventDate "2019.04.13"]
[EventType "swiss"]
[EventCountry "ESP"]
[SourceTitle "playchess.com"]
[Source "ChessBase"]
[SourceQuality "1"]
[TimeControl "5400+30"]

1. e4 c6 2. Nc3 d5 3. Nf3 Bg4 4. d4 dxe4 5. Nxe4 Nf6 6. Nxf6+ exf6 7. Bf4 Qe7+ 8. Qe2 Bxf3 9. gxf3 Qxe2+ 10. Bxe2 Nd7 11. O-O Nb6 12. c4 O-O-O 13. Rfd1 c5 14. Bf1 g6 15. Be3 Nd7 16. dxc5 Nxc5 17. Rxd8+ Kxd8 18. Rd1+ Kc8 19. b4 Ne6 20. c5 Be7 1/2-1/2

[Event "IV Torneo de Semana Santa"]
[Site "Los Llanos de Aridane"]
[Date "2019.04.18"]
[Round "6.7"]
[White "Hernandez Leon, Sergio"]
[Black "Bazan Solera, Manuel"]
[Result "1-0"]
[ECO "A45"]
[WhiteElo "2157"]
[BlackElo "1923"]
[Annotator "ChessBase"]
[PlyCount "93"]
[EventDate "2019.04.13"]
[EventType "swiss"]
[EventCountry "ESP"]
[SourceTitle "playchess.com"]
[Source "ChessBase"]
[SourceQuality "1"]
[TimeControl "5400+30"]

1. d4 Nf6 2. Bg5 Ne4 3. Bf4 g6 4. f3 Nf6 5. e4 Bg7 6. Nc3 d6 7. Qd2 Nc6 8. O-O-O Nh5 9. Be3 e5 10. Nge2 exd4 11. Nxd4 Nxd4 12. Bxd4 Bxd4 13. Qxd4 Qf6 14. Qxf6 Nxf6 15. Nb5 Kd7 16. e5 Ne8 17. g3 a6 18. Nc3 Kc6 19. f4 Be6 20. Bg2+ Kb6 21. Rd4 c5 22. Rd2 dxe5 23. fxe5 Nc7 24. Na4+ Kb5 25. b3 Rab8 26. Rd6 b6 27. c4+ Ka5 28. Nb2 Ne8 29. Rd2 Ng7 30. Bd5 Rbd8 31. Kc2 b5 32. a3 Bf5+ 33. Kc1 Rd7 34. Nd1 bxc4 35. Bxc4 Rxd2 36. Kxd2 Rd8+ 37. Kc3 Ne6 38. Ne3 Be4 39. Rf1 Rd7 40. Rf6 h5 41. Bxe6 Rd3+ 42. Kc4 fxe6 43. Rxe6 Rd4+ 44. Kxc5 Bd5 45. b4+ Ka4 46. Rxa6+ Kb3 47. Kxd4 1-0

[Event "IV Torneo de Semana Santa"]
[Site "Los Llanos de Aridane"]
[Date "2019.04.16"]
[Round "6.8"]
[White "Leon Varela, Luis"]
[Black "Haertl, Siegfried"]
[Result "0-1"]
[ECO "D05"]
[WhiteElo "2154"]
[BlackElo "1911"]
[Annotator "ChessBase"]
[PlyCount "84"]
[EventDate "2019.04.13"]
[EventType "swiss"]
[EventCountry "ESP"]
[SourceTitle "playchess.com"]
[Source "ChessBase"]
[SourceQuality "1"]
[TimeControl "5400+30"]

1. d4 d5 2. Nf3 Nf6 3. e3 e6 4. Bd3 c5 5. b3 Nc6 6. a3 Be7 7. Nbd2 O-O 8. Bb2 b6 9. Ne5 Bb7 10. O-O Rc8 11. f4 Nxe5 12. fxe5 Ne4 13. Bxe4 dxe4 14. c4 Bg5 15. Qe2 Bh6 16. Rad1 Qg5 17. Rf4 cxd4 18. Bxd4 Qe7 19. Rg4 Qxa3 20. Ra1 Qb4 21. Ra4 Qe7 22. Rxa7 Ra8 23. Rxb7 Qxb7 24. Nxe4 Kh8 25. Rh4 Rfd8 26. h3 Qe7 27. Rh5 Rxd4 28. exd4 Ra1+ 29. Kf2 Qa3 30. Rxh6 Ra2 31. Nd2 gxh6 32. Qd3 Qc1 33. Ke2 Qg1 34. Kf3 Qd1+ 35. Ke3 Qe1+ 36. Qe2 Qg3+ 37. Ke4 Qg6+ 38. Ke3 Qg5+ 39. Kd3 Qf5+ 40. Ke3 f6 41. Qf3 Qg5+ 42. Ke4 f5+ 0-1

[Event "IV Torneo de Semana Santa"]
[Site "Los Llanos de Aridane"]
[Date "2019.04.16"]
[Round "6.9"]
[White "Navio Lopez, Manuel"]
[Black "Rodriguez Lorenzo, Yadira"]
[Result "1/2-1/2"]
[ECO "A30"]
[WhiteElo "1877"]
[BlackElo "1966"]
[Annotator "NA"]
[PlyCount "90"]
[EventDate "2019.04.13"]
[EventType "swiss"]
[EventCountry "ESP"]
[SourceTitle "playchess.com"]
[Source "ChessBase"]
[SourceQuality "1"]
[TimeControl "5400+30"]

1. Nf3 Nf6 2. b3 e6 3. Bb2 b6 4. e3 Bb7 5. Be2 c5 6. O-O Be7 7. d4 O-O 8. c4 d6 9. Nc3 Ne4 10. Nxe4 Bxe4 11. Nd2 {[%emt 0:00:16] A30: Symmetrical English: Double Fianchetto and Hedgehog} Bb7 12. Bf3 Bxf3 13. Nxf3 Nd7 $146 ({Predecessor:} 13... Bf6 14. Qd2 Qe7 15. Rad1 Rd8 16. Qc2 Na6 17. Bc3 Rac8 18. d5 Nb4 19. Bxf6 Qxf6 {1-0 (49) Gaessner,M-Klueting,R (2127) Germany 2008}) 14. e4 cxd4 15. Nxd4 Qc7 16. Qd2 a6 17. Rad1 Qb7 18. f3 Rfc8 19. Qf2 Bf6 20. Qg3 Qc7 21. Kh1 Qc5 22. Qf2 b5 23. Rc1 Rab8 24. cxb5 Bxd4 25. Rxc5 Bxf2 26. Rxc8+ Rxc8 27. Rxf2 axb5 28. Rd2 Rc6 29. h4 Kf8 30. Kg1 g6 31. Kf2 Ke7 32. Ke3 e5 33. g4 Nc5 34. f4 exf4+ 35. Kxf4 Ne6+ 36. Ke3 Nc5 37. g5 Ke6 $14 38. Rf2 Nd7 39. Rd2 Rc5 40. Ba3 Rc3+ 41. Rd3 Rxd3+ 42. Kxd3 Ne5+ 43. Ke3 Nc6 44. Kd3 Ke5 45. Ke3 Ke6 1/2-1/2

[Event "IV Torneo de Semana Santa"]
[Site "Los Llanos de Aridane"]
[Date "2019.04.17"]
[Round "7.1"]
[White "Alonso Alvarez, Aitor"]
[Black "Hernandez Leon, Alberto"]
[Result "0-1"]
[ECO "B52"]
[WhiteElo "2284"]
[BlackElo "2280"]
[Annotator "NA"]
[PlyCount "52"]
[EventDate "2019.04.13"]
[EventType "swiss"]
[EventCountry "ESP"]
[SourceTitle "playchess.com"]
[Source "ChessBase"]
[SourceQuality "1"]
[TimeControl "5400+30"]

1. e4 c5 2. Nf3 d6 3. Bb5+ Bd7 4. Bxd7+ Qxd7 5. O-O Nf6 6. Re1 Nc6 7. b3 g6 8. Bb2 Bg7 9. c4 e5 {[%emt 0:04:00] B52: Sicilian: Moscow Variation with 3...Bd7} 10. Nc3 (10. a3 O-O 11. d3 Ne8 12. Nc3 Nc7 13. Rb1 Rfb8 14. Nd2 a6 15. Nd5 b5 16. Bc3 Rb7 17. h3 Nxd5 18. exd5 {½-½ (53) Rozentalis,E (2564)-Landa,K (2621) Kallithea 2002}) 10... O-O 11. d3 Ne7 12. a3 $146 ({Predecessor:} 12. Nd2 Ne8 13. Qe2 Nc7 14. Nf1 f5 15. exf5 gxf5 16. f4 Ne6 17. fxe5 dxe5 {0-1 (55) Book,E-Gligoric,S Dubrovnik 1950}) 12... h6 13. b4 b6 14. b5 Nh5 15. Nd2 Nf4 16. Nf1 f5 17. a4 g5 18. a5 Neg6 19. Ne3 $16 fxe4 20. dxe4 Nh4 21. Nf5 Nfxg2 22. axb6 Nxe1 23. Qd5+ Kh7 24. b7 Nef3+ 25. Kf1 Rab8 26. Rxa7 Nxf5 0-1

[Event "IV Torneo de Semana Santa"]
[Site "Los Llanos de Aridane"]
[Date "2019.04.17"]
[Round "7.2"]
[White "Haertl, Siegfried"]
[Black "Fernandez Gonzalez, Sergio"]
[Result "1-0"]
[ECO "A85"]
[WhiteElo "1911"]
[BlackElo "2089"]
[Annotator "NA"]
[PlyCount "81"]
[EventDate "2019.04.13"]
[EventType "swiss"]
[EventCountry "ESP"]
[SourceTitle "playchess.com"]
[Source "ChessBase"]
[SourceQuality "1"]
[TimeControl "5400+30"]

1. d4 e6 2. c4 b6 3. Nf3 Bb7 4. e3 f5 5. Be2 Nf6 6. Nc3 Be7 {[%emt 0:00:22] A85: Dutch Defence: 2 c4 Nf6 3 Nc3} 7. O-O O-O 8. b3 (8. d5 Na6 9. a3 Nc5 10. b4 Nce4 11. Bb2 Nxc3 12. Bxc3 {1-0 (39) Matlakov,M (2689)-Morozevich,A (2731) Dubai 2014}) 8... a5 9. Bb2 Ne4 $146 ({Predecessor:} 9... Bb4 10. Na4 Bd6 11. Rc1 Nc6 12. Nd2 Qe8 13. c5 bxc5 14. Nxc5 Bxc5 15. dxc5 Qe7 16. a3 {½-½ (63) Lichmann,P (2314)-Janz,F (2337) Germany 2010}) 10. Nd2 Nxc3 11. Bxc3 Bf6 12. Bf3 d5 13. Qc2 g6 14. a3 Nd7 15. b4 a4 16. Qa2 c6 17. Rac1 b5 18. cxb5 cxb5 19. Be2 Qb6 20. Nf3 Rac8 21. Bd3 Bc6 22. Qe2 Qb8 23. Bb2 g5 24. h3 h5 25. Ne5 Bxe5 26. dxe5 g4 27. Rc2 Qb7 28. Bd4 Kf7 29. Rfc1 Rh8 30. h4 Rhg8 31. Rc3 Ke7 32. Qc2 Nb8 33. g3 Kd7 34. Bxf5 Rgf8 {[%emt 0:02:35] [#]} 35. Bxe6+ $18 Kxe6 36. Qg6+ Kd7 37. e6+ Kd6 38. e7+ Kxe7 39. Bc5+ Kd7 40. Qd6+ Ke8 41. Qxf8+ 1-0

[Event "IV Torneo de Semana Santa"]
[Site "Los Llanos de Aridane"]
[Date "2019.04.17"]
[Round "7.4"]
[White "Hidalgo Santana, Fernando"]
[Black "Hernandez Leon, Sergio"]
[Result "1-0"]
[ECO "C95"]
[WhiteElo "2116"]
[BlackElo "2157"]
[Annotator "NA"]
[PlyCount "73"]
[EventDate "2019.04.13"]
[EventType "swiss"]
[EventCountry "ESP"]
[SourceTitle "playchess.com"]
[Source "ChessBase"]
[SourceQuality "1"]
[TimeControl "5400+30"]

1. e4 e5 2. Nf3 Nc6 3. Bb5 a6 4. Ba4 Nf6 5. O-O b5 6. Bb3 Be7 7. Re1 d6 8. h3 O-O 9. a4 Bb7 10. c3 Nb8 11. Bc2 Nbd7 12. d4 c5 {[%emt 0:02:19] C95: Closed Ruy Lopez: Breyer Variation with 10 d4} (12... Re8 13. Nbd2 c5 14. d5 c4 15. b3 cxb3 16. Nxb3 Qc7 17. Be3 Nb6 18. Nbd2 Nfd7 19. axb5 {½-½ (19) Areshchenko,A (2678)-Efimenko,Z (2651) Rivne 2016}) 13. Na3 $146 ({Predecessor:} 13. d5 c4 14. Be3 Ne8 15. g4 Qc8 16. Na3 Nc7 17. Qe2 g6 18. Rad1 Kh8 19. Kh2 f5 20. exf5 Nxd5 {½-½ (29) Hedlund,T (2561)-Ivanov,A (2507) ICCF email 2014}) 13... cxd4 14. cxd4 b4 15. Nc4 exd4 16. Qxd4 Nc5 17. a5 Ne6 18. Qb6 Qxb6 19. Nxb6 Rad8 20. e5 dxe5 $11 21. Nxe5 Nd4 22. Bd1 Ne4 23. Ned7 Rfe8 24. Be3 Nc6 25. Bf3 Nb8 26. Nxb8 Rxb8 27. Bxe4 Bxe4 28. Bf4 f5 29. Bxb8 Rxb8 30. f3 Bc5+ 31. Kh1 Bd3 32. Nd7 Rb5 33. Rad1 Bc4 34. Re8+ Kf7 35. Rc8 Bb3 36. Rd3 Bc4 37. Ne5+ 1-0

[Event "IV Torneo de Semana Santa"]
[Site "Los Llanos de Aridane"]
[Date "2019.04.17"]
[Round "7.6"]
[White "Natalicchio Escalante, Nicolas"]
[Black "Navio Lopez, Manuel"]
[Result "1-0"]
[ECO "E60"]
[WhiteElo "2189"]
[BlackElo "1877"]
[Annotator "NA"]
[PlyCount "125"]
[EventDate "2019.04.13"]
[EventType "swiss"]
[EventCountry "ESP"]
[SourceTitle "playchess.com"]
[Source "ChessBase"]
[SourceQuality "1"]
[TimeControl "5400+30"]

1. b3 Nf6 2. Bb2 g6 3. Nf3 Bg7 4. c4 O-O 5. g3 d6 6. d4 c6 {[%emt 0:00:17] E60: King's Indian: Unusual lines and Fianchetto Variation without Nc3} (6... Nbd7 7. Bg2 c6 8. O-O Re8 9. Nc3 e5 10. e4 exd4 11. Nxd4 Nc5 12. Re1 Ng4 13. h3 Ne5 14. Re3 Qb6 15. Nc2 a5 16. Bf1 Be6 17. Rb1 a4 18. b4 Ncd7 19. Na3 Qxb4 20. Bc1 {½-½ (41) Caruana,F (2816)-Grischuk,A (2766) Paris 2018}) 7. Nc3 Qa5 8. Qd2 b5 $146 ({Predecessor:} 8... e5 9. Bg2 Bg4 10. dxe5 dxe5 11. Ne4 Qxd2+ 12. Nfxd2 Nxe4 13. Nxe4 Na6 14. h3 {1-0 (69) Lechtynsky,J (2422)-Kanovsky,D (2396) Czechia 2008}) 9. cxb5 cxb5 10. Bg2 b4 11. Na4 Ne4 12. Qe3 d5 13. Nd2 Nxd2 14. Qxd2 e6 15. O-O Na6 16. a3 Rb8 17. axb4 Qxb4 18. Qxb4 Nxb4 19. Nc5 Nc6 20. e3 Rd8 21. Rfc1 Bf8 22. Nxe6 ({White should play} 22. Bf3 $14) 22... Bxe6 23. Rxc6 Rxb3 24. Bc3 Rdb8 25. Ba5 Ra3 26. Rcc1 Rxa1 27. Rxa1 Rb3 28. Kf1 Ra3 29. Rxa3 Bxa3 30. Ke2 Kf8 31. Kd3 Ke7 32. Kc3 Kd7 33. Bb4 Bxb4+ 34. Kxb4 Kc6 35. Ka5 Bc8 36. f3 f5 37. Bf1 Kd6 38. Ba6 Be6 $16 39. Bb7 Bd7 40. Ka6 Ba4 41. Kxa7 Bd1 42. f4 Bf3 43. Kb8 Bd1 44. Kc8 Ba4 45. Kd8 Bb5 46. Bc8 Ba4 47. h3 h5 48. g4 fxg4 49. hxg4 hxg4 50. Bxg4 Bc6 51. Be2 Ke6 52. Bd3 Kf6 53. Kc7 Be8 54. Kd6 Bf7 55. Bb1 g5 56. fxg5+ Kxg5 57. Ba2 Kf6 58. Bxd5 Be8 59. e4 Ba4 60. e5+ Kf5 61. Bc6 Bb3 62. d5 Bc4 63. Bd7+ 1-0

[Event "IV Torneo de Semana Santa"]
[Site "Los Llanos de Aridane"]
[Date "2019.04.17"]
[Round "7.7"]
[White "Morcuende Hurtado, Miguel Angel"]
[Black "Molina Rodriguez, Borja"]
[Result "0-1"]
[ECO "A29"]
[WhiteElo "1602"]
[BlackElo "2070"]
[Annotator "NA"]
[PlyCount "88"]
[EventDate "2019.04.13"]
[EventType "swiss"]
[EventCountry "ESP"]
[SourceTitle "playchess.com"]
[Source "ChessBase"]
[SourceQuality "1"]
[TimeControl "5400+30"]

1. c4 e5 2. Nc3 Nf6 3. d3 d5 4. cxd5 Nxd5 5. Bd2 Be7 6. Nf3 Nc6 7. g3 O-O 8. Bg2 Be6 9. O-O Nb6 10. h3 {[%emt 0:04:00] A29: English Opening: Four Knights Variation with 4 g3} (10. a4 a5 11. Nb5 f6 12. Rc1 Rf7 13. Qc2 Bb4 14. Bc3 Rd7 15. Rfd1 Qe7 16. d4 e4 17. Nd2 f5 {0-1 (60) Milos,G (2583)-Carlsen,M (2881) Caxias do Sul 2014}) 10... f6 $146 ({Predecessor:} 10... f5 11. a3 Bf6 12. Rc1 Kh8 13. b4 e4 14. dxe4 fxe4 15. Nxe4 Bb2 16. Nc5 Bc8 17. Rb1 Bf6 {1-0 (41) Gilfillan,A (1950)-Brett,A (2106) England 2015}) 11. Be3 Qd7 12. Kh2 Nd4 13. Ng1 c5 14. f4 exf4 15. Bxf4 Rad8 16. b3 Rfe8 17. Rc1 Rc8 18. Nf3 a5 19. e4 Red8 20. Nxd4 cxd4 21. Ne2 $11 Ba3 22. Rxc8 Rxc8 23. Bc1 Bxc1 24. Nxc1 a4 25. b4 a3 26. Rf2 Na4 27. Nb3 Nb2 28. Qb1 Bxb3 29. axb3 Qb5 30. Bf1 Rc3 31. Rxb2 axb2 32. Qxb2 Qxb4 33. Qa2 Kf7 34. h4 Qxb3 35. Qa5 Qe6 36. Qb5 b6 37. Bh3 Rc2+ 38. Bg2 g6 39. Qa4 Qa2 40. Qd7+ Kg8 41. Qe8+ Kg7 42. Qe7+ Kh6 43. Qxf6 Rxg2+ 44. Kh3 Rh2+ 0-1

[Event "IV Torneo de Semana Santa"]
[Site "Los Llanos de Aridane"]
[Date "2019.04.17"]
[Round "7.8"]
[White "Martin Rodriguez, Pablo"]
[Black "Cruz Diaz, Felipe"]
[Result "1-0"]
[ECO "A90"]
[WhiteElo "2002"]
[BlackElo "1655"]
[Annotator "NA"]
[PlyCount "95"]
[EventDate "2019.04.13"]
[EventType "swiss"]
[EventCountry "ESP"]
[SourceTitle "playchess.com"]
[Source "ChessBase"]
[SourceQuality "1"]
[TimeControl "5400+30"]

1. c4 e6 2. Nf3 f5 3. d4 Nf6 4. g3 d5 5. Bg2 c6 6. O-O Bd6 7. b3 Qe7 8. a4 Na6 9. Ba3 Bb4 10. Bxb4 Nxb4 11. a5 c5 12. Na3 Bd7 13. Ne5 Bc6 14. Nc2 Nxc2 15. Qxc2 cxd4 16. Qb2 O-O 17. Qxd4 Rfd8 18. Qb2 Ne4 19. e3 Qb4 20. Nxc6 bxc6 21. Qe5 Qd6 22. Qxd6 Rxd6 23. Bxe4 dxe4 24. b4 Rb8 25. Rab1 a6 26. Rb2 Rd3 27. Rfb1 Ra3 28. Kf1 Kf7 29. Ke2 Kf6 30. h4 h6 31. Rb3 Ra2+ 32. R1b2 Rxb2+ 33. Rxb2 g5 34. hxg5+ hxg5 35. Kd2 Ke5 36. Kc3 f4 37. gxf4+ gxf4 38. exf4+ Kxf4 39. Kd4 Rh8 40. Kc5 Rh2 41. b5 cxb5 42. cxb5 axb5 43. a6 Kf3 44. a7 Rh8 45. Kxb5 e5 46. Kc5 e3 47. fxe3 Kxe3 48. Rb8 1-0